 Dungeon Crawl Stone Soup version 0.20.0-15-g7f486f2 (webtiles) character file.

276 JarielCorvus the Thaumaturge (level 6, -2/32 HPs)
             Began as a Deep Elf Wizard on June 21, 2017.
             Slain by a phantom (9 damage)
             ... on level 4 of the Dungeon.
             The game lasted 00:11:50 (3528 turns).

JarielCorvus the Thaumaturge (Deep Elf Wizard)      Turns: 3528, Time: 00:11:50

Health: -2/32      AC:  3    Str:  1 (4)  XL:     6   Next: 4%
Magic:  4/19       EV: 13    Int: 25      God:
Gold:   192        SH:  0    Dex: 19      Spells: 10/21 levels left

rFire    . . .     SeeInvis .   k - +2 dagger (speed)
rCold    . . .     Gourm    .   (no shield)
rNeg     . . .     Faith    .   a - +0 robe
rPois    .         Spirit   .   b - +0 hat
rElec    .         Reflect  .   e - +0 cloak
rCorr    .         Harm     .   (no gloves)
MR       .....                  (no boots)
Stlth    ++........             (no amulet)
Regen    0.1/turn               l - +6 ring of dexterity
MPRegen  0.2/turn               (no ring)

@: no status effects
A: no striking features
a: no special abilities


You were on level 4 of the Dungeon.
You were not hungry.

You visited 1 branch of the dungeon, and saw 4 of its levels.

You collected 192 gold pieces.

Inventory:

Hand Weapons
 k - a +2 dagger of speed (weapon)
Armour
 a - a +0 robe (worn)
 b - a +0 hat (worn)
 e - a +0 cloak (worn)
Jewellery
 l - a +6 ring of dexterity (left hand)
Wands
 p - a wand of random effects (12/48)
 s - a wand of random effects (36/48)
Scrolls
 i - a scroll of remove curse
 j - 4 scrolls of teleportation
 m - a scroll of blinking
Potions
 f - a potion of curing
 o - 2 potions of heal wounds
Books
 c - a book of Minor Magic

   Spells                             Type                      Level
   a - Magic Dart                     Conjuration                  1
   b - Blink                          Translocation                2
   c - Call Imp                       Summoning                    2
   d - Slow                           Hexes                        2
   e - Conjure Flame                  Conjuration/Fire             3
   f - Mephitic Cloud                 Conjuration/Poison/Air       3
 n - a book of Minor Magic

   Spells                             Type                      Level
   a - Magic Dart                     Conjuration                  1
   b - Blink                          Translocation                2
   c - Call Imp                       Summoning                    2
   d - Slow                           Hexes                        2
   e - Conjure Flame                  Conjuration/Fire             3
   f - Mephitic Cloud                 Conjuration/Poison/Air       3
Comestibles
 d - 2 bread rations
 g - 2 meat rations
 h - a royal jelly
 q - a chunk of flesh


   Skills:
 - Level 2.4 Dodging
 - Level 2.4 Stealth
 * Level 8.1 Spellcasting
 + Level 3.5 Conjurations
 - Level 1.1 Summonings
 - Level 1.1 Translocations


You had 10 spell levels left.
You knew the following spells:

 Your Spells              Type           Power        Failure   Level  Hunger
a - Magic Dart            Conj           ####         1%          1    None
b - Blink                 Tloc           N/A          6%          2    None
c - Call Imp              Summ           ###.....     6%          2    None
d - Conjure Flame         Conj/Fire      ###.....     9%          3    None
e - Mephitic Cloud        Conj/Pois/Air  ###.....     11%         3    None


Dungeon Overview and Level Annotations

Branches:
Dungeon (4/15)
 Temple: D:4-7

Altars:
Hepliaklqana
Makhleb
Nemelex Xobeh
Qazlal
Ru
Trog

Shops:
D:4 !


Message History

The magic dart hits the phantom.
The phantom is severely damaged.
The phantom barely misses you.
Casting: Magic Dart
Confirm with . or Enter, or press ? or * to list all spells.
Aiming: Magic Dart
Press: ? - help, Shift-Dir - straight line, f/p - phantom
Aim: a phantom (severely damaged)
The magic dart hits the phantom.
The phantom is severely damaged.
The phantom hits you but does no damage.
Casting: Magic Dart
Confirm with . or Enter, or press ? or * to list all spells.
Aiming: Magic Dart
Press: ? - help, Shift-Dir - straight line, f/p - phantom
Aim: a phantom (severely damaged)
The magic dart hits the phantom.
The phantom is almost destroyed.
The phantom hits you!
You die...

...8.## ##....# ..###.#
..###'### ..##....#
..##....# ########
........# #......#######
........###.............
..........'.....@.....>.
......#..##.....W.......
......##.#######........
......##.# #........
......##.# #........
...... #.. #........
...... ##. #.#######
##### . #.#


You could see a phantom.

Vanquished Creatures
  A scorpion (D:4)
  A howler monkey (D:4)
  Terence (D:2)
  A worker ant (D:4)
  4 adders
  An ooze (D:2)
  8 leopard geckos
  5 orcs (D:3)
  A ball python (D:3)
  5 giant cockroaches
  9 goblins
  9 hobgoblins
  7 jackals
  3 quokkas
  8 bats
  8 kobolds
  A quokka skeleton (D:4)
  10 rats
83 creatures vanquished.

Notes
Turn   | Place    | Note
-------+----------+-------------------------------------------
     0 | D:1      | JarielCorvus the Deep Elf Wizard began the quest for the Orb.
     0 | D:1      | Reached XP level 1. HP: 10/10 MP: 7/7
   169 | D:1      | Reached skill level 5 in Spellcasting
   179 | D:1      | Reached XP level 2. HP: 15/15 MP: 3/10
   183 | D:1      | Learned a level 2 spell: Blink
   186 | D:1      | Learned a level 2 spell: Call Imp
   503 | D:1      | Reached XP level 3. HP: 19/19 MP: 8/12
   842 | D:1      | Learned a level 3 spell: Conjure Flame
   846 | D:1      | Learned a level 3 spell: Mephitic Cloud
  1054 | D:2      | Reached skill level 6 in Spellcasting
  1184 | D:2      | Noticed Terence
  1287 | D:2      | Killed Terence
  1287 | D:2      | Reached XP level 4. HP: 22/24 MP: 1/14
  1517 | D:2      | Found a burning altar of Makhleb.
  1567 | D:2      | Found a hazy altar of Hepliaklqana.
  1567 | D:2      | Found a bloodstained altar of Trog.
  1568 | D:2      | Found a stormy altar of Qazlal.
  1571 | D:2      | Found a sparkling altar of Nemelex Xobeh.
  2704 | D:3      | Found a sacrificial altar of Ru.
  2782 | D:3      | Reached skill level 7 in Spellcasting
  2830 | D:3      | Reached XP level 5. HP: 28/28 MP: 12/16
  3420 | D:4      | Reached skill level 8 in Spellcasting
  3420 | D:4      | Reached XP level 6. HP: 25/32 MP: 10/19
  3425 | D:4      | Found Owaycweng's Distillery.
  3528 | D:4      | Slain by a phantom

Skill      XL: |  1  2  3  4  5 |
---------------+----------------+-----
Spellcasting   | 5 6 7 8 |  8.1
Conjurations   | 2 3 |  3.5
Dodging        | |  2.4
Stealth        | |  2.4
Summonings     | |  1.1
Translocations | |  1.1

Action                   |  1- 3 |  4- 6 || total
-------------------------+-------+-------++-------
Melee: Dagger            |    17 |       ||    17
 Cast: Magic Dart        |    94 |   129 ||   223
       Mephitic Cloud    |     3 |       ||     3
  Use: Scroll            |     4 |     2 ||     6
       Potion            |       |     5 ||     5
  Eat: Chunk             |       |     8 ||     8
Armor: Robe              |     3 |     4 ||     7
Dodge: Dodged            |    10 |    18 ||    28
